 Dungeon Crawl Stone Soup version 0.16-a0-1276-g18860b1 (webtiles) character file.

612834 Tangento the Slayer (level 27, -10/197 HPs)
             Began as a Gargoyle Fighter on Oct 12, 2014.
             Was a High Priest of Okawaru.
             Killed from afar by a starcursed mass (20 damage)
             ... with an accursed screaming
             ... while paralysed by accursed screaming
             ... on level 18 of a ziggurat on Oct 14, 2014.
             The game lasted 04:29:02 (46155 turns).

Tangento the Slayer (Gargoyle Fighter)             Turns: 46155, Time: 04:29:02

Health: -10/197    AC: 76    Str: 35      XL:     27
Magic:  35/38      EV:  2    Int: 12 (13) God:    Okawaru [*****.]
Gold:   5719       SH:  0    Dex:  9      Spells: 0 memorised, 26 levels left

rFire  + + +     SeeInvis +     L - +9 broad axe "Rawneum" {drain, +Blink +Inv rElec}
rCold  + . .     Clarity  .     y - +12 gold dragon armour
rNeg   + + .     SustAb   .     R - +0 large shield {AC+3}
rPois  +         Gourm    .     v - +0 helmet "Abli Ghe" {rN+ Slay+2}
rElec  +         Spirit   .     Q - +2 cloak of Mental Paralysis {rF+}
rCorr  .         Warding  .     H - +2 pair of gloves of Okawaru's Envy {Slay+4}
rMut   +         Stasis   .     b - +1 pair of boots "Bujep" {Str+1 Int+3}
MR     +++..                    P - amulet of resist mutation
Stlth  ..........               a - ring "Nayf" {rPois rF+ SInv}
                                E - ring of Lanluyne {MR+ Int+2 Slay+4 Stlth+}

@: paralysed, heroism, flying, very slightly contaminated, hasted, extremely
resistant to hostile enchantments, extremely unstealthy
A: able to fly continuously, big wings, negative energy resistance 1,
electricity resistance, unbreathing, petrification resistance, rot immunity,
placid magic 1, AC +20
a: Stop Flying, Heroism, Finesse, Renounce Religion, Evoke Blink, Evoke
Invisibility
}: 3/15 runes: decaying, silver, gossamer


You were on level 18 of a ziggurat.
You worshipped Okawaru.
Okawaru was extremely pleased with you.
You were not hungry.

You visited 8 branches of the dungeon, and saw 47 of its levels.
You visited 1 ziggurat, and saw 18 of its levels.
You also visited: Labyrinth and Wizlab.

You collected 6828 gold pieces.
You spent 1109 gold pieces at shops.

Inventory:

Hand weapons
 G - the +11 battleaxe "Ytymearch" {chop, Str+2}
   (You found it on level 13 of a ziggurat)

   It inflicts extra damage upon your enemies.
   It affects your strength (+2).
 L - the +9 broad axe "Rawneum" (weapon) {drain, +Blink +Inv rElec}
   (Okawaru gifted it to you on level 4 of the Orcish Mines)

   A truly terrible weapon, it drains the life of those it strikes.
   It insulates you from electricity.
   It lets you turn invisible.
   It lets you blink.
 U - a cursed +5 war axe of flaming
Armour
 b - the +1 pair of boots "Bujep" (worn) {Str+1 Int+3}
   (Okawaru gifted it to you on level 6 of the Lair of Beasts)

   It affects your strength (+1).
   It affects your intelligence (+3).
 v - the +0 helmet "Abli Ghe" (worn) {rN+ Slay+2}
   (You found it on level 5 of the Vaults)

   It affects your accuracy and damage with ranged weapons and melee attacks
   (+2).
   It protects you from negative energy.
 y - a +12 gold dragon armour (worn)
 H - the +2 pair of gloves of Okawaru's Envy (worn) {Slay+4}
   (Okawaru gifted it to you on level 5 of the Vaults)

   It affects your accuracy and damage with ranged weapons and melee attacks
   (+4).
 Q - the +2 cloak of Mental Paralysis (worn) {rF+}
   (You bought it in a shop on level 9 of the Dungeon)

   It protects you from fire.
 R - a +0 large shield of protection (worn)
Jewellery
 a - the ring "Nayf" (right hand) {rPois rF+ SInv}
   (You took it off a tengu reaver on level 5 of the Vaults)

   [ring of see invisible]

   It protects you from fire.
   It protects you from poison.
   It enhances your eyesight.
 e - a +4 ring of slaying
 s - a cursed amulet of warding
 B - an uncursed amulet of faith
 E - the ring of Lanluyne (left hand) {MR+ Int+2 Slay+4 Stlth+}
   (You found it on level 10 of a ziggurat)

   [ring of protection from magic]

   It affects your intelligence (+2).
   It affects your accuracy and damage with ranged weapons and melee attacks
   (+4).
   It affects your resistance to hostile enchantments.
   It makes you more stealthy.
 P - an amulet of resist mutation (around neck)
 W - the cursed ring "Vaawaf" {SustAb Int+2}
   (You found it in a labyrinth)

   [ring of sustain abilities]

   It sustains your strength, intelligence and dexterity.
   It affects your intelligence (+2).
   It has a curse placed upon it.
Magical devices
 A - a wand of hasting (4)
 S - a wand of digging (10)
 V - a wand of invisibility (2)
 Y - a wand of heal wounds (6)
Scrolls
 c - 4 scrolls of recharging
 f - 23 scrolls of remove curse
 g - 23 scrolls of identify
 h - 18 scrolls of enchant weapon
 o - 2 scrolls of brand weapon
 p - 16 scrolls of blinking
 t - 2 scrolls of enchant armour
 u - 11 scrolls of teleportation
 D - 10 scrolls of magic mapping
 F - 9 scrolls of fog
 J - 2 scrolls of holy word
 K - 2 scrolls of fear
 X - a scroll of silence
Potions
 i - 3 potions of invisibility
 j - 2 potions of resistance
 k - 3 potions of heal wounds
 l - 2 potions of beneficial mutation
 n - 22 potions of curing
 q - 4 potions of magic
 w - 6 potions of cure mutation
 z - 6 potions of restore abilities
 C - a potion of berserk rage
 N - 8 potions of might
 O - 3 potions of agility
 T - 7 potions of porridge
 Z - a potion of cancellation
Books
 x - a tome of Destruction
 I - a tome of Destruction
Comestibles
 d - 28 bread rations
 r - a meat ration
 M - 7 royal jellies


   Skills:
 + Level 26.6(27) Fighting
 - Level 19.0(24.0) Axes
 - Level 22.7(27) Armour
 - Level 25.0(27) Shields
 - Level 8.1 Invocations
 - Level 14.2 Evocations


You had 26 spell levels left.
You didn't know any spells.

Dungeon Overview and Level Annotations

Branches:
Dungeon (15/15)            Temple (1/1) D:6             Orc (4/4) D:12
    Elf (0/3) Orc:3          Lair (8/8) D:8           Swamp (5/5) Lair:4
 Spider (5/5) Lair:4        Slime (0/6) Lair:8       Vaults (5/5) D:14
  Crypt (0/3) Vaults:3     Depths (4/5) D:15

Altars:
Ashenzari
Dithmenos
Elyvilon
Fedhas
Gozag
Makhleb
Nemelex Xobeh
Okawaru
Qazlal
Ru
Trog
Vehumet
Yredelemnul
Zin
The Shining One
Beogh

Shops:
D:8 }   D:9 [   D:11 (!   Orc:4 *[=?(   Vaults:1 *   Vaults:2 *   Vaults:3 [

Portals:
Hell: Depths:1 Depths:3
Pandemonium: Depths:1 Depths:3

Annotations:
Depths:2 exclusion: orange crystal statue


Innate Abilities, Weirdness & Mutations

You are resistant to torment.
You are immune to poison.
You can fly continuously.
Your stone body is very resilient (AC +20).
Your wings are large and strong.
You resist negative energy.
You are resistant to electric shocks.
You can survive without breathing.
You are immune to petrification.
You are immune to rotting.
Your spells are a little easier to cast, but a little less powerful.


Message History

The ufetubus is severely wounded.
The ufetubus disappears in a puff of smoke!
You block the ufetubus' attack.
The ufetubus hits you but does no damage.
A cacophony of accursed wailing tears at your sanity!
* * * LOW HITPOINT WARNING * * *
You suddenly lose the ability to move!
The ufetubus hits you but does no damage. x2
The neqoxec gestures at you.
Something tries to feed on your intellect!
The ynoxinul gestures.
The starcursed mass engulfs you.
* * * LOW HITPOINT WARNING * * *
The neqoxec gestures at you.
You feel dopey. Something feeds on your intellect!
The starcursed mass engulfs you but does no damage.
The ufetubus hits you but does no damage. x2
A cacophony of accursed wailing tears at your sanity!
You die...

.X..X......▓▓
5.XX..X....∩.▓
XX.4X.5......▓▓
5X3XxX5XxX...▓▓
..5XXXh5X..5.▓▓
..x5LXX.##)3▓▓
...53hG ##X▓▓


#.wXXXhX##X▓▓ ..*XXXDX@5▓▓ ▓▓▓▓▓▓▓▓▓▓▓ You could see a bone dragon, 17
starcursed masses, a tentacled starspawn, a lich (invisible), a wretched star, a
great orb of eyes, 2 ancient zymes, 5 large abominations, a hellwing, 2 raiju, 2
neqoxecs, a ynoxinul, a hell hound, a starspawn tentacle, a quasit, a shadow imp
and 4 ufetubi.

Vanquished Creatures
  3 ancient liches (Zig:15)
  A greater mummy (Zig:2)
  Saint Roka (Vaults:1)
  Sojobo (Vaults:3)
  The ghost of lennard the Imperceptible, an awesomely powerful SpGl of Ashenzari (Zig:10)
  Margery (Vaults:2)
  Mara (Spider:3)
  Mennas (Vaults:3)
  Jory (Depths:4)
  5 golden dragons
  Xtahua (Vaults:2)
  A bone dragon (Zig:16)
  7 tentacled monstrosities
  4 liches
  2 quicksilver dragons (Vaults:5)
  Asterion (Swamp:2)
  7 titans
  4 tentacled starspawn
  A Shadow Fiend (Depths:2)
  8 tengu reavers
  4 octopode crushers (Zig:17)
  4 storm dragons
  2 thorn hunters (Swamp:5)
  9 sphinxes
  Agnes (Swamp:1)
  An ancient champion (Vaults:3)
  6 shadow dragons
  A draconian monk (Zig:9)
  Roxanne (Swamp:1)
  6 fire giants
  2 draconian knights
  Donald (Swamp:1)
  2 greater nagas (Zig:10)
  8 frost giants
  Maud (Swamp:1)
  2 iron dragons (Vaults:5)
  13 vault wardens
  Aizul (Vaults:1)
  Louise (Spider:2)
  8 emperor scorpions
  2 orc warlords (Orc:4)
  A draconian zealot (Zig:9)
  2 balrugs (Zig:18)
  11 ghost moths
  A spriggan defender (Depths:3)
  Jorgrun (Vaults:2)
  4 very ugly things
  3 draconian annihilators (Zig:9)
  A deep elf demonologist (Zig:7)
  A reaper (Zig:5)
  6 war gargoyles
  A grey draconian (Zig:9)
  2 bennus (Zig:8)
  A deep elf annihilator (Vaults:2)
  4 dire elephants
  A mottled draconian (Zig:9)
  30 stone giants
  A white draconian (Zig:9)
  A lorocyproca (Depths:3)
  2 green deaths
  2 black draconians (Zig:9)
  An eidolon (Depths:2)
  11 ettins
  10 merfolk javelineers
  A deep elf death mage (Vaults:5)
  2 mummy priests (Zig:8)
  17 ogre magi
  26 yaktaur captains
  3 merfolk impalers (Zig:17)
  3 minotaurs
  Josephine (D:13)
  21 ironheart preservers
  4 great orbs of eyes
  6 deep elf high priests
  5 fire dragons
  2 rakshasas
  29 vault guards
  Harold (D:13)
  6 ice dragons
  5 statues (WizLab)
  7 alligators
  Nessos (D:11)
  2 naga warriors (Zig:10)
  21 hydras
  4 shambling mangroves
  4 spriggan air magi
  An anaconda (shapeshifter) (Depths:3)
  14 centaur warriors
  4 merfolk avatars (Zig:17)
  Erica (Lair:7)
  3 merfolk aquamancers (Zig:17)
  A satyr (shapeshifter) (Vaults:3)
  3 vampire magi
  3 deep troll earth magi
  The ghost of hackum the Shooter, an experienced DgFi (D:10)
  A tengu warrior (D:12)
  24 death yaks
  2 deep troll shamans
  The ghost of hackum the Archer, an experienced DgFi (D:8)
  12 dancing weapons
  2 thrashing horrors (Zig:16)
  A shock serpent (Zig:10)
  6 spriggan berserkers
  9 naga sharpshooters
  2 soul eaters
  A sun demon (Vaults:1)
  15 spriggans
  An iron troll (Depths:3)
  4 catoblepae
  5 orc high priests
  A titan skeleton (Zig:8)
  19 hell knights
  2 wretched stars
  13 deep elf knights
  5 shadow wraiths
  A salamander mystic (Zig:10)
  A sea snake (shapeshifter) (Vaults:5)
  2 storm dragon zombies
  A death drake (Depths:2)
  15 skeletal warriors
  A spatial maelstrom (Zig:16)
  19 orb spiders
  13 swamp dragons
  7 giant orange brains
  2 spriggan druids
  4 ice devils
  2 unseen horrors
  A naga ritualist (Zig:10)
  3 spectral hydras (Depths:2)
  2 sea snakes (Zig:17)
  9 flayed ghosts
  A deep elf summoner (Depths:3)
  An ice statue (Zig:16)
  20 deep trolls
  A spectral minotaur (Depths:2)
  A putrid demonspawn (Depths:3)
  15 necromancers
  Erolcha (Orc:3)
  3 shadow demons (Zig:11)
  A sphinx zombie (Vaults:5)
  Pikel (D:6)
  2 ugly thing zombies (D:15)
  A harpy (Vaults:2)
  20 orc knights
  2 hellions
  11 ironbrand convokers
  3 mana vipers
  5 hill giants
  7 phantasmal warriors
  6 griffons
  2 draconian zombies (Zig:9)
  44 wolf spiders
  2 wolf spiders (shapeshifter)
  10 red wasps
  5 human zombies
  13 orc sorcerers
  3 oklob plants (Zig:14)
  7 wizards
  11 deep elf conjurers
  2 frost giant zombies
  A faun (Zig:13)
  An elephant (shapeshifter) (D:14)
  A draconian (shapeshifter) (Vaults:4)
  36 ugly things
  A guardian serpent (Zig:16)
  2 water nymphs (Zig:17)
  20 elephants
  9 cyclopes
  15 black mambas
  A guardian serpent (shapeshifter) (Zig:16)
  2 iron dragon skeletons
  4 sirens (Zig:17)
  A sixfirhy (Vaults:5)
  Maurice (D:8)
  A moth of wrath (Spider:5)
  A frost giant skeleton (Zig:11)
  3 manticores
  A salamander (Zig:10)
  21 vault sentinels
  2 fire giant skeletons
  An octopode (shapeshifter) (Vaults:2)
  4 orange demons
  A queen ant (Spider:1)
  15 spiny frogs
  2 gargoyles
  An orange crystal statue (Depths:2)
  64 yaktaurs
  A spriggan zombie (Zig:11)
  4 torpor snails
  Psyche (D:8)
  22 komodo dragons
  A spriggan skeleton (Zig:16)
  2 smoke demons (Zig:18)
  2 naga magi (Zig:10)
  2 kobold demonologists
  An elf (shapeshifter) (D:15)
  5 fire drakes
  2 spectral merfolk (Depths:2)
  8 guardian mummies
  11 trolls
  12 freezing wraiths
  11 large abominations (Zig:16)
  2 fire drakes (shapeshifter)
  3 rust devils
  11 demonic crawlers
  6 deep elf priests
  Grinder (D:6)
  47 jumping spiders
  An efreet (D:14)
  3 minotaur zombies (Lab)
  A hellwing (Depths:3)
  A silent spectre (Vaults:3)
  2 polar bears
  A red devil (Zig:5)
  A tengu conjurer (D:12)
  5 ancient zymes
  Sonja (D:10)
  29 two-headed ogres
  4 giant leeches
  9 raiju
  A wind drake (shapeshifter) (Zig:15)
  A blue devil (Vaults:5)
  44 slime creatures
  A hydra skeleton (D:13)
  13 merfolk (Zig:17)
  5 bog bodies
  14 ravens
  2 raiju (shapeshifter)
  A slime creature (shapeshifter) (Depths:2)
  11 blink frogs
  A deep troll zombie (Depths:1)
  2 snapping turtles (Zig:17)
  29 trapdoor spiders
  An ettin zombie (Vaults:4)
  7 boulder beetles
  43 redbacks
  A stone giant simulacrum (Vaults:3)
  3 flying skulls
  A trapdoor spider (shapeshifter) (Vaults:3)
  7 basilisks
  A redback (shapeshifter) (D:13)
  An ettin skeleton (Vaults:4)
  9 vampires
  31 yaks
  8 air elementals
  2 frost giant simulacra
  A fire dragon skeleton (D:13)
  6 water elementals
  3 spriggans (shapeshifter)
  An elf zombie (Zig:11)
  8 deep elf magi
  5 hungry ghosts
  A dire elephant simulacrum (Zig:6)
  A hog (shapeshifter) (Depths:2)
  A hill giant zombie (D:15)
  4 shadows
  3 ynoxinuls
  27 tarantellas
  33 vampire mosquitoes
  2 wyverns
  18 deep elf fighters
  A steam dragon (Swamp:1)
  4 chaos spawn
  Grum (D:10)
  3 neqoxecs
  17 wargs
  30 wolves
  A hell beast (Zig:14)
  11 wraiths
  A hippogriff (shapeshifter) (Vaults:4)
  7 mottled dragons
  28 swamp worms
  13 hippogriffs
  3 nagas (Zig:10)
  26 water moccasins
  5 human skeletons
  2 tengu skeletons
  A spectral troll (Depths:2)
  17 soldier ants
  8 ice beasts
  6 hell hounds
  2 spectral spriggans (Depths:2)
  33 spiders
  7 porcupines
  7 boggarts
  A hydra simulacrum (Depths:2)
  14 yellow wasps
  3 necrophages
  5 human simulacra
  5 sky beasts
  A manticore zombie (D:13)
  43 orc warriors
  12 swamp drakes
  3 black bears
  6 centaurs
  2 phantoms
  2 elf skeletons
  66 ogres
  4 big kobolds (D:10)
  A manticore skeleton (D:14)
  2 boring beetles
  14 crocodiles
  23 giant frogs
  2 yaktaur zombies (Vaults:2)
  A brain worm (Zig:14)
  An ogre simulacrum (D:14)
  A small abomination (Zig:18)
  3 eyes of draining
  A merfolk simulacrum (Depths:2)
  7 scorpions
  A troll zombie (D:9)
  3 spectral nagas (Depths:2)
  A spectral ogre (Depths:2)
  A killer bee (D:5)
  2 elf simulacra
  14 wights
  7 spectral centaurs (Depths:2)
  2 electric eels
  A vampire bat (Orc:2)
  4 crimson imps
  20 orc priests
  13 starcursed masses
  7 jellies
  A komodo dragon simulacrum (D:13)
  A goliath beetle (D:8)
  A quasit (Zig:4)
  2 centaur skeletons
  A black bear skeleton (D:5)
  14 hounds
  31 orc wizards
  8 iguanas
  An iron imp (Depths:3)
  34 worker ants
  4 gnoll shamans (D:6)
  A lightning spire (Zig:7)
  A centaur simulacrum (Depths:2)
  40 sheep
  12 mummies
  32 gnolls
  20 adders
  52 green rats
  3 shadow imps
  A giant mite (D:8)
  2 white imps (Vaults:1)
  A worm (D:5)
  12 ufetubi
  An adder zombie (D:5)
  An iguana skeleton (D:7)
  186 orcs
  18 bats
  A bat skeleton (D:6)
  2 giant cockroaches
  A gnoll zombie (D:5)
  18 goblins
  20 hobgoblins
  23 jackals
  10 quokkas
  A ball python (D:3)
  7 giant geckos
  4 giant newts
  A giant spore (D:14)
  A jackal skeleton (D:5)
  23 kobolds
  9 orc zombies
  15 rats
  A rat skeleton (D:7)
  2 ballistomycetes (D:14)
  10 briar patches (Swamp:5)
  14 butterflies (Zig:10)
  8 crawling corpses
  5 plants
  7 starspawn tentacles (Zig:16)
2814 creatures vanquished.

Vanquished Creatures (others)
  A golden dragon (Zig:15)
  A vault guard (Vaults:5)
  An ice dragon (Depths:3)
  A hell hog (Zig:16)
  A deep elf knight (Depths:2)
  A wizard (D:6)
  A spiny frog (Swamp:2)
  A freezing wraith (Zig:6)
  A slime creature (Swamp:2)
  2 redbacks (Spider:3)
  An elf zombie (Zig:5)
  A swamp drake (Swamp:2)
  A human skeleton (Zig:5)
  An ice beast (Zig:16)
  A slave (D:6)
  A boggart (Vaults:3)
  A lost soul (Depths:2)
  A centaur (D:6)
  A worker ant (D:6)
  A crimson imp (D:6)
  An orc wizard (Vaults:1)
  An ufetubus (Zig:18)
  An orc (Vaults:1)
  A jackal (D:6)
  A briar patch (Swamp:5)
  2 butterflies (Zig:10)
  A fungus (Lair:8)
  9 plants
  13 starspawn tentacles
  99 starspawn tentacle segments
150 creatures vanquished.

Grand Total: 2964 creatures vanquished

Notes
Turn   | Place    | Note
--------------------------------------------------------------
     0 | D:1      | Tangento, the Gargoyle Fighter, began the quest for the Orb.
     0 | D:1      | Reached XP level 1. HP: 14/14 MP: 1/1
   308 | D:1      | Reached XP level 2. HP: 17/19 MP: 2/2
   520 | D:1      | Reached XP level 3. HP: 20/23 MP: 3/3
  1525 | D:2      | Reached XP level 4. HP: 28/28 MP: 4/4
  1732 | D:3      | Reached skill level 4 in Axes
  2170 | D:4      | Reached XP level 5. HP: 29/32 MP: 5/5
  2435 | D:4      | Reached skill level 5 in Axes
  2633 | D:5      | Entered Level 5 of the Dungeon
  2633 | D:5      | Found a basalt altar of Yredelemnul.
  2715 | D:5      | Reached XP level 6. HP: 30/37 MP: 6/6
  2999 | D:5      | Reached skill level 6 in Axes
  3128 | D:5      | Reached XP level 7. HP: 26/41 MP: 7/7
  3237 | D:5      | Reached skill level 7 in Axes
  3888 | D:6      | Noticed Pikel
  3902 | D:5      | Reached skill level 8 in Axes
  3922 | D:6      | Killed Pikel
  3922 | D:6      | Reached skill level 9 in Axes
  3922 | D:6      | Reached XP level 8. HP: 37/46 MP: 8/8
  3984 | D:6      | Noticed Grinder
  3985 | D:6      | Paralysed by Grinder for 4 turns
  3994 | D:6      | Paralysed by Grinder for 4 turns
  3999 | D:6      | Paralysed by Grinder for 2 turns
  4008 | D:6      | Killed Grinder
  4008 | D:6      | Reached skill level 10 in Axes
  4017 | D:6      | Found a bloodstained altar of Trog.
  4017 | D:6      | Noticed a wizard
  4024 | D:6      | Killed a wizard
  4176 | D:6      | Reached XP level 9. HP: 45/51 MP: 9/9
  4709 | D:6      | Reached skill level 11 in Axes
  4938 | D:6      | Found a blossoming altar of Fedhas.
  4940 | D:6      | Found a shattered altar of Ashenzari.
  4942 | D:6      | Found a stormy altar of Qazlal.
  5002 | D:6      | Found a staircase to the Ecumenical Temple.
  5011 | Temple   | Entered the Ecumenical Temple
  5038 | Temple   | Became a worshipper of Warmaster Okawaru
  5360 | D:7      | Noticed an unseen horror
  5394 | D:7      | Killed an unseen horror
  5464 | D:7      | Acquired Okawaru's first power
  5490 | D:7      | Reached skill level 12 in Axes
  5738 | D:7      | Reached XP level 10. HP: 48/56 MP: 10/10
  6462 | D:8      | Found a staircase to the Lair.
  6472 | D:8      | Noticed Maurice
  6485 | D:8      | Killed Maurice
  6515 | D:8      | Reached skill level 13 in Axes
  6521 | D:8      | Noticed hackum's ghost (experienced DgFi)
  6562 | D:8      | Killed hackum's ghost
  6788 | D:8      | Reached skill level 5 in Shields
  6823 | D:8      | Noticed Psyche
  6838 | D:8      | Killed Psyche
  6838 | D:8      | Reached skill level 5 in Armour
  7099 | D:8      | Received a gift from Okawaru
  7372 | D:8      | Found Bieseaduat's Gadget Shoppe.
  7542 | D:9      | Reached XP level 11. HP: 30/60 MP: 11/11
  8051 | D:9      | Found Mus Lou's Antique Armour Boutique.
  8072 | D:9      | Bought a pair of embroidered boots for 103 gold pieces
  8072 | D:9      | Bought a twisted cloak for 218 gold pieces
  8083 | D:9      | Identified the +2 cloak of Mental Paralysis {rF+} (You bought it in a shop on level 9 of the Dungeon)
  8540 | D:10     | Entered Level 10 of the Dungeon
  8602 | D:10     | Noticed hackum's ghost (experienced DgFi)
  8631 | D:10     | Killed hackum's ghost
  8720 | D:10     | Noticed Grum
  8807 | D:10     | Killed Grum
  8955 | D:10     | Got a shimmering morningstar
  8956 | D:10     | Identified the cursed +6 morningstar of the Onslaught {flame, Str+2 Stlth++ Curse} (You found it on level 10 of the Dungeon)
  9084 | D:10     | Noticed a hill giant
  9090 | D:10     | Killed a hill giant
  9101 | D:10     | Noticed Sonja
  9120 | D:10     | Killed Sonja
  9145 | D:10     | Found a basalt altar of Yredelemnul.
 10099 | Lair:1   | Entered Level 1 of the Lair of Beasts
 10170 | Lair:1   | Acquired Okawaru's second power
 10292 | Lair:1   | Found a labyrinth entrance.
 10299 | Lair:1   | Noticed a six-headed hydra
 10320 | Lair:1   | Killed a six-headed hydra
 10320 | Lair:1   | Reached skill level 10 in Armour
 10320 | Lair:1   | Reached skill level 10 in Shields
 10320 | Lair:1   | Reached XP level 12. HP: 56/64 MP: 10/12
 10342 | Lab      | Entered a labyrinth
 10427 | Lab      | Noticed a minotaur
 10439 | Lab      | Killed a minotaur
 10442 | Lab      | Got a brightly glowing hand axe
 10442 | Lab      | Got a smoking scale mail
 10442 | Lab      | Got a glittering copper ring
 10512 | Lair:1   | Received a gift from Okawaru
 10529 | Lair:1   | Got a bloodstained leather armour {god gift}
 10540 | Lair:1   | Identified the +5 leather armour of Ruiduty {Str+3 Dex-3} (Okawaru gifted it to you on level 1 of the Lair of Beasts)
 10550 | Lair:1   | Identified the +3 scale mail of Elyvilon's Approval {Str+2 Dex+4} (You found it in a labyrinth)
 10563 | Lair:1   | Identified the ring "Vaawaf" {SustAb Int+2} (You found it in a labyrinth)
 11744 | Lair:3   | Noticed a death yak
 11755 | Lair:3   | Killed a death yak
 11861 | Lair:3   | Received a gift from Okawaru
 11955 | Lair:3   | Reached XP level 13. HP: 25/68 MP: 13/13
 12099 | Lair:3   | Reached skill level 14 in Axes
 12792 | Lair:4   | Reached skill level 15 in Axes
 12892 | Lair:4   | Found a hole to the Spider Nest.
 13134 | Lair:4   | Reached skill level 5 in Fighting
 13509 | Lair:5   | Identified the +2 hand axe of a treasure trove {chop, MR++} (You found it in a labyrinth)
 13898 | Lair:6   | Received a gift from Okawaru
 13902 | Lair:6   | Got a pair of distressingly furry boots {god gift}
 13913 | Lair:6   | Identified the +1 pair of boots "Bujep" {Str+1 Int+3} (Okawaru gifted it to you on level 6 of the Lair of Beasts)
 15048 | Lair:7   | Noticed Erica
 15067 | Lair:7   | Killed Erica
 15067 | Lair:7   | Gained mutation: Your wings are large and strong. [gargoyle growth]
 15067 | Lair:7   | Reached XP level 14. HP: 84/84 MP: 12/14
 15382 | Lair:7   | Received a gift from Okawaru
 15404 | Lair:7   | Reached skill level 16 in Axes
 15729 | Lair:8   | Entered Level 8 of the Lair of Beasts
 15851 | Lair:8   | Found a staircase to the Slime Pits.
 16378 | Lair:8   | Reached skill level 17 in Axes
 17146 | D:11     | Noticed Nessos
 17229 | D:11     | Identified a scroll of acquirement
 17627 | D:12     | Received a gift from Okawaru
 17659 | D:12     | Found a roughly hewn altar of Beogh.
 17662 | D:12     | Found a staircase to the Orcish Mines.
 18163 | D:12     | Reached skill level 10 in Fighting
 18209 | D:12     | Reached XP level 15. HP: 78/94 MP: 15/15
 18610 | D:11     | Killed Nessos
 18768 | D:11     | Found Craox's Antique Weapon Shoppe.
 18776 | D:11     | Bought a runed battleaxe for 188 gold pieces
 18787 | D:11     | Found Twoac's Distillery.
 19289 | D:13     | Noticed Josephine
 19297 | D:13     | Killed Josephine
 19427 | D:13     | Noticed Harold
 19437 | D:13     | Killed Harold
 19912 | D:14     | Received a gift from Okawaru
 20034 | D:14     | Found a gate to the Vaults.
 20326 | D:15     | Entered Level 15 of the Dungeon
 20494 | D:15     | Reached skill level 15 in Fighting
 20687 | D:15     | Found a staircase to the Depths.
 20693 | D:15     | Received a gift from Okawaru
 20712 | D:15     | Got a pair of brightly glowing boots {god gift}
 20724 | D:15     | Identified the +1 pair of boots of the Valley of Death {Str-2 Int+4} (Okawaru gifted it to you on level 15 of the Dungeon)
 20831 | D:15     | Found a blossoming altar of Fedhas.
 21019 | D:15     | Found an opulent altar of Gozag.
 21477 | Orc:1    | Entered Level 1 of the Orcish Mines
 21898 | Orc:1    | Found a roughly hewn altar of Beogh.
 22465 | Orc:3    | Found a staircase to the Elven Halls.
 22499 | Orc:3    | Noticed Erolcha
 22507 | Orc:3    | Killed Erolcha
 22686 | Orc:4    | Entered Level 4 of the Orcish Mines
 22686 | Orc:4    | Found Nuar's Jewellery Emporium.
 22690 | Orc:4    | Reached skill level 15 in Armour
 22735 | Orc:4    | Bought an uncursed amulet of faith for 600 gold pieces
 22791 | Orc:4    | Found Mnaomman's General Store.
 22856 | Orc:4    | Reached XP level 16. HP: 87/108 MP: 14/16
 22864 | Orc:4    | Received a gift from Okawaru
 22925 | Orc:4    | Got an encrusted broad axe {god gift}
 22926 | Orc:4    | Identified the +9 broad axe "Rawneum" {drain, +Blink +Inv rElec} (Okawaru gifted it to you on level 4 of the Orcish Mines)
 22993 | Orc:4    | Found Pienwerr's Magic Scroll Emporium.
 23011 | Orc:4    | Found Heishrai's Antique Armour Emporium.
 23032 | Orc:4    | Found a radiant altar of Vehumet.
 23131 | Orc:4    | Found Enir's Antique Weapon Emporium.
 23252 | Orc:4    | Gained mutation: Your magical capacity is low (-10% MP). [a neqoxec]
 23322 | Orc:3    | Found a roughly hewn altar of Beogh.
 23823 | Spider:1 | Entered Level 1 of the Spider Nest
 24032 | Spider:1 | Received a gift from Okawaru
 24658 | Spider:2 | Received a gift from Okawaru
 24790 | Spider:2 | Reached skill level 15 in Shields
 24961 | Spider:2 | Noticed Louise
 24997 | Spider:2 | Killed Louise
 25392 | Spider:3 | Noticed Mara
 25396 | Spider:3 | Noticed Tangento's illusion
 25412 | Spider:3 | Killed Mara
 25412 | Spider:3 | Received a gift from Okawaru
 25429 | Spider:3 | Reached XP level 17. HP: 43/114 MP: 5/15
 25656 | Spider:3 | Received a gift from Okawaru
 26461 | Spider:5 | Entered Level 5 of the Spider Nest
 26557 | Spider:5 | Received a gift from Okawaru
 26587 | Spider:5 | Got a dazzling hand axe {god gift}
 26592 | Spider:5 | Identified the +8 hand axe "Koestrev" {venom, rN+} (Okawaru gifted it to you on level 5 of the Spider Nest)
 26633 | Spider:5 | Gained mutation: Your flesh is cold resistant. [potion of beneficial mutation]
 26667 | Spider:5 | Reached skill level 18 in Shields
 26774 | Spider:5 | Received a gift from Okawaru
 26987 | Spider:5 | Received a gift from Okawaru
 26990 | Spider:5 | Got a warped hand axe {god gift}
 26991 | Spider:5 | Identified the +11 hand axe "Soaxt" {freeze, rN+ Int+4} (Okawaru gifted it to you on level 5 of the Spider Nest)
 27256 | Spider:5 | Reached skill level 19 in Shields
 27423 | Spider:5 | Received a gift from Okawaru
 27430 | Spider:5 | Got a gossamer rune of Zot
 27831 | Lair:4   | Found a staircase to the Swamp.
 27837 | Swamp:1  | Entered Level 1 of the Swamp
 27839 | Swamp:1  | Noticed Donald
 27849 | Swamp:1  | Killed Donald
 27984 | Swamp:1  | Reached XP level 18. HP: 112/120 MP: 16/16
 28019 | Swamp:1  | Noticed Maud
 28028 | Swamp:1  | Killed Maud
 28082 | Swamp:1  | Reached skill level 20 in Shields
 28113 | Swamp:1  | Noticed Roxanne
 28145 | Swamp:1  | Killed Roxanne
 28153 | Swamp:1  | Upgraded the game from 0.16-a0-1212-geefc3ab to 0.16-a0-1243-g6e0463c
 28227 | Swamp:1  | Noticed Agnes
 28236 | Swamp:1  | Killed Agnes
 28449 | Swamp:2  | Lost mutation: Your magical capacity is low (-10% MP). [potion of cure mutation]
 28449 | Swamp:2  | Lost mutation: Your flesh is cold resistant. [potion of cure mutation]
 28488 | Swamp:2  | Received a gift from Okawaru
 28644 | Swamp:2  | Noticed Asterion
 28664 | Swamp:2  | Killed Asterion
 29892 | Swamp:4  | Received a gift from Okawaru
 29895 | Swamp:4  | Got a twisted helmet {god gift}
 29906 | Swamp:4  | Identified the -1 helmet "Meajy" {rC++} (Okawaru gifted it to you on level 4 of the Swamp)
 30169 | Swamp:5  | Entered Level 5 of the Swamp
 31097 | Swamp:5  | Reached XP level 19. HP: 110/125 MP: 18/18
 31112 | Swamp:5  | Got a decaying rune of Zot
 31755 | Vaults:1 | Entered Level 1 of the Vaults
 31857 | Vaults:1 | Received a gift from Okawaru
 31927 | Vaults:1 | Noticed Aizul
 31948 | Vaults:1 | Killed Aizul
 31958 | Vaults:1 | Noticed Saint Roka
 31992 | Vaults:1 | Killed Saint Roka
 32035 | Vaults:1 | Found Graedaul's Assorted Antiques.
 32399 | Vaults:1 | Got a flickering brass amulet
 32405 | Vaults:1 | Received a gift from Okawaru
 32408 | Vaults:1 | Identified the amulet "Tiurreu" {Spirit Str-2 Dex-4} (You found it on level 1 of the Vaults)
 33141 | Vaults:2 | Received a gift from Okawaru
 33179 | Vaults:2 | Reached XP level 20. HP: 71/139 MP: 15/19
 33254 | Vaults:2 | Found Pnustry's General Store.
 33299 | Vaults:2 | Noticed Jorgrun
 33312 | Vaults:2 | Killed Jorgrun
 33366 | Vaults:2 | Noticed Margery
 33391 | Vaults:2 | Killed Margery
 33401 | Vaults:2 | Received a gift from Okawaru
 33856 | Vaults:2 | Noticed Xtahua
 33875 | Vaults:2 | Killed Xtahua
 34101 | Vaults:3 | Received a gift from Okawaru
 34317 | Vaults:3 | Reached skill level 21 in Fighting
 34327 | Vaults:3 | Found a staircase to the Crypt.
 34822 | Vaults:3 | Noticed Sojobo
 34833 | Vaults:3 | Received a gift from Okawaru
 34847 | Vaults:3 | Killed Sojobo
 34848 | Vaults:3 | Reached skill level 22 in Fighting
 34892 | Vaults:3 | Got a pair of distressingly furry gloves {god gift}
 34898 | Vaults:3 | Identified the +1 pair of gloves of Fortitude {Dex+2 Int+2} (Okawaru gifted it to you on level 3 of the Vaults)
 34934 | Vaults:3 | Reached XP level 21. HP: 54/151 MP: 12/20
 35118 | Vaults:3 | Found Fokhleh's Antique Armour Shop.
 35261 | Vaults:3 | Noticed Mennas
 35276 | Vaults:3 | Killed Mennas
 35283 | Vaults:3 | Got a polished large shield
 35294 | Vaults:3 | Identified the +2 large shield of Royalty {rElec rCorr Dex-4} (You took it off Mennas on level 3 of the Vaults)
 35475 | Vaults:4 | Received a gift from Okawaru
 35751 | Vaults:4 | Reached skill level 23 in Fighting
 36022 | Vaults:4 | Got a smoking plate armour
 36033 | Vaults:4 | Identified the cursed -1 plate armour of the Ancient Ships {rF+} (You found it on level 4 of the Vaults)
 36209 | Vaults:4 | Received a gift from Okawaru
 36222 | Vaults:4 | Got a faintly glowing shield {god gift}
 36223 | Vaults:4 | Identified the +2 shield of the Swan {Str+3 Dex+3 Slay-2} (Okawaru gifted it to you on level 4 of the Vaults)
 36542 | Vaults:5 | Entered Level 5 of the Vaults
 36614 | Vaults:5 | Reached XP level 22. HP: 131/160 MP: 12/20
 36640 | Vaults:5 | Received a gift from Okawaru
 36826 | Vaults:5 | Received a gift from Okawaru
 36839 | Vaults:5 | Got a pair of smoking gloves {god gift}
 36902 | Vaults:5 | Identified the +2 pair of gloves of Okawaru's Envy {Slay+4} (Okawaru gifted it to you on level 5 of the Vaults)
 37037 | Vaults:5 | Got a slimy lapis lazuli ring
 37038 | Vaults:5 | Identified the ring "Xich" {+/*Tele Int-2} (You found it on level 5 of the Vaults)
 37122 | Vaults:5 | Got a smoking wooden ring
 37296 | Vaults:5 | Noticed a golden dragon
 37304 | Vaults:5 | Killed a golden dragon
 37440 | Vaults:5 | Received a gift from Okawaru
 37447 | Vaults:5 | Got an ancient plate armour {god gift}
 37448 | Vaults:5 | Identified the +0 plate armour "Ziat" {Dex-3 Int+2} (Okawaru gifted it to you on level 5 of the Vaults)
 37451 | Vaults:5 | Identified the ring "Nayf" {rPois rF+ SInv} (You took it off a tengu reaver on level 5 of the Vaults)
 38250 | Vaults:5 | Reached XP level 23. HP: 136/164 MP: 21/21
 38275 | Vaults:5 | Got a pitted iron ring
 38276 | Vaults:5 | Identified the ring "Xeuddawk" {Wiz rC+ Stlth+} (You found it on level 5 of the Vaults)
 38421 | Vaults:5 | Got a flickering copper amulet
 38422 | Vaults:5 | Identified the amulet "Guwiriun" {Spirit rC+} (You took it off a yaktaur captain on level 5 of the Vaults)
 38462 | Vaults:5 | Got an uncursed dazzling war axe {drain}
 38463 | Vaults:5 | Identified the +8 war axe "Giantslayer" {drain, MR+ Stlth---} (You took it off a yaktaur captain on level 5 of the Vaults)
 38484 | Vaults:5 | Received a gift from Okawaru
 38539 | Vaults:5 | Got a warped ring mail
 38540 | Vaults:5 | Identified the +4 ring mail "Wounlyur" {rElec MR+ Stlth+} (You found it on level 5 of the Vaults)
 38620 | Vaults:5 | Got a brightly glowing helmet
 38631 | Vaults:5 | Identified the +0 helmet "Abli Ghe" {rN+ Slay+2} (You found it on level 5 of the Vaults)
 38794 | Vaults:5 | Got a silver rune of Zot
 38918 | Vaults:5 | Received a gift from Okawaru
 38927 | Vaults:5 | Got an ichor-stained robe {god gift}
 38928 | Vaults:5 | Identified the +2 robe of Duty {rCorr} (Okawaru gifted it to you on level 5 of the Vaults)
 39346 | Depths:1 | Entered Level 1 of the Depths
 39444 | Depths:1 | Found a one-way gate leading to the halls of Pandemonium.
 39449 | Depths:1 | Found a magical portal.
 39461 | WizLab   | Entered Tukima's Studio
 39853 | Depths:1 | Found a gateway to Hell.
 40182 | Depths:2 | Received a gift from Okawaru
 40199 | Depths:2 | Got a dazzling broad axe {god gift}
 40200 | Depths:2 | Identified the +6 broad axe "Uqoj" {freeze, rElec Dex-1 Int+2} (Okawaru gifted it to you on level 2 of the Depths)
 40580 | Depths:2 | Reached XP level 24. HP: 168/171 MP: 21/21
 40624 | Depths:2 | Received a gift from Okawaru
 41318 | Depths:3 | Gained mutation: Your vision is a little blurry. [potion of mutation]
 41318 | Depths:3 | Gained mutation: You can spit poison. [potion of mutation]
 41564 | Depths:3 | Paralysed by a sphinx for 2 turns
 41569 | Depths:3 | Reached skill level 24 in Shields
 42030 | Depths:3 | Received a gift from Okawaru
 42069 | Depths:3 | Got a steaming graven amulet
 42070 | Depths:3 | Identified the amulet of Arphuthel {Inacc -Tele rF+ rN+} (You found it on level 3 of the Depths)
 42219 | Depths:3 | Received a gift from Okawaru
 42222 | Depths:3 | Got a shimmering great mace {god gift}
 42224 | Depths:3 | Identified the +8 great mace of Overwhelming Force {crush, MR++ SInv} (Okawaru gifted it to you on level 3 of the Depths)
 42882 | Depths:4 | Received a gift from Okawaru
 43062 | Depths:4 | Noticed Jory
 43075 | Depths:4 | Killed Jory
 43108 | Depths:4 | Found a gateway to a ziggurat.
 43122 | Zig:1    | Entered Level 1 of a ziggurat
 43151 | Zig:2    | Entered Level 2 of a ziggurat
 43153 | Zig:2    | Noticed a greater mummy
 43166 | Zig:2    | Killed a greater mummy
 43179 | Zig:2    | Got a faintly glowing iron ring
 43181 | Zig:2    | Identified the ring "Ugiag" {rF- Dex+2} (You found it on level 2 of a ziggurat)
 43191 | Zig:3    | Entered Level 3 of a ziggurat
 43220 | Zig:4    | Entered Level 4 of a ziggurat
 43231 | Zig:4    | Reached XP level 25. HP: 166/176 MP: 26/26
 43315 | Zig:5    | Entered Level 5 of a ziggurat
 43357 | Zig:5    | Got a sparkling emerald amulet
 43370 | Zig:5    | Identified the amulet of Heresy {Stasis rPois rF- rC++ MR+} (You found it on level 5 of a ziggurat)
 43496 | Zig:6    | Entered Level 6 of a ziggurat
 43556 | Zig:6    | Received a gift from Okawaru
 43630 | Zig:7    | Entered Level 7 of a ziggurat
 43643 | Zig:7    | Reached skill level 25 in Shields
 43687 | Zig:7    | Lost mutation: Your vision is a little blurry. [potion of cure mutation]
 43687 | Zig:7    | Lost mutation: You can spit poison. [potion of cure mutation]
 43688 | Zig:7    | Reached XP level 26. HP: 182/182 MP: 29/32
 43691 | Zig:8    | Entered Level 8 of a ziggurat
 43770 | Zig:8    | Got a wavering granite ring
 43771 | Zig:8    | Identified the cursed ring of the Solstice {rPois AC+3 Str-2} (You found it on level 8 of a ziggurat)
 43924 | Zig:9    | Entered Level 9 of a ziggurat
 43937 | Zig:9    | Reached skill level 1 in Evocations
 43961 | Zig:9    | Received a gift from Okawaru
 43990 | Zig:9    | Got a transparent pewter amulet
 43991 | Zig:9    | Identified the amulet of the Falcon {Inacc rC+ Dex+4 Int+3} (You found it on level 9 of a ziggurat)
 44033 | Zig:9    | Got a faintly glowing helmet
 44037 | Zig:9    | Identified the +3 helmet of Dekhonwa {Str-4 Dex+1} (You found it on level 9 of a ziggurat)
 44230 | Zig:10   | Entered Level 10 of a ziggurat
 44230 | Zig:10   | Noticed lennard's ghost (awesomely powerful SpGl)
 44258 | Zig:10   | Killed lennard's ghost
 44258 | Zig:10   | Reached skill level 5 in Evocations
 44345 | Zig:10   | Got a vibrating platinum ring
 44346 | Zig:10   | Identified the ring of Lanluyne {MR+ Int+2 Slay+4 Stlth+} (You found it on level 10 of a ziggurat)
 44357 | Zig:10   | Reached XP level 27. HP: 188/188 MP: 33/34
 44375 | Zig:11   | Entered Level 11 of a ziggurat
 44476 | Zig:11   | Got a sparkling tin ring
 44478 | Zig:11   | Identified the ring of Raewneh {rN+ Dex-3} (You found it on level 11 of a ziggurat)
 44486 | Zig:11   | Reached skill level 10 in Evocations
 44488 | Zig:11   | Got a transparent bronze ring
 44490 | Zig:11   | Identified the ring "Troibus" {SustAb Str-3 Dex+3} (You found it on level 11 of a ziggurat)
 44506 | Zig:12   | Entered Level 12 of a ziggurat
 44553 | Zig:12   | Received a gift from Okawaru
 44637 | Zig:12   | Got a shimmering great mace
 44638 | Zig:12   | Identified the +11 great mace of the Pill Bug {pain, rF+} (You found it on level 12 of a ziggurat)
 44656 | Zig:12   | Got a pitted golden ring
 44662 | Zig:12   | Identified the ring of the Hero {+Inv SInv Stlth-} (You found it on level 12 of a ziggurat)
 44733 | Zig:13   | Entered Level 13 of a ziggurat
 44851 | Zig:13   | Got a bloodstained battleaxe
 44852 | Zig:13   | Identified the +11 battleaxe "Ytymearch" {chop, Str+2} (You found it on level 13 of a ziggurat)
 44861 | Zig:13   | Got a sparkling graven amulet
 44862 | Zig:13   | Identified the amulet of Untruth {Inacc rElec rN+} (You found it on level 13 of a ziggurat)
 44946 | Zig:14   | Entered Level 14 of a ziggurat
 45086 | Zig:14   | Got a faintly glowing plate armour
 45092 | Zig:14   | Identified the +3 plate armour of Inviolability {Str+3 Dex-2} (You found it on level 14 of a ziggurat)
 45118 | Zig:15   | Entered Level 15 of a ziggurat
 45124 | Zig:15   | Noticed an ancient lich
 45133 | Zig:15   | Noticed an ancient lich
 45135 | Zig:15   | Noticed an ancient lich
 45139 | Zig:15   | Killed an ancient lich
 45145 | Zig:15   | Killed an ancient lich
 45155 | Zig:15   | Killed an ancient lich
 45166 | Zig:15   | Received a gift from Okawaru
 45398 | Zig:16   | Entered Level 16 of a ziggurat
 45497 | Zig:16   | Paralysed by accursed screaming for 1 turns
 45624 | Zig:16   | Gained mutation: Your spells are a little easier to cast, but a little less powerful. [potion of mutation]
 45626 | Zig:16   | Got a shimmering war axe
 45627 | Zig:16   | Identified the +6 war axe of Prudence {flame, -Tele rC+ Stlth-} (You found it on level 16 of a ziggurat)
 45641 | Zig:16   | Got a wavering bronze ring
 45645 | Zig:16   | Identified the ring "Ziedwu" {rF+ MR+} (You found it on level 16 of a ziggurat)
 45762 | Zig:17   | Entered Level 17 of a ziggurat
 45790 | Zig:17   | Received a gift from Okawaru
 45852 | Zig:17   | Reached skill level 26 in Fighting
 45934 | Zig:17   | Got an ichor-stained war axe
 45935 | Zig:17   | Identified the +9 war axe of Generosity {flame, rElec MR++ Str-4} (You found it on level 17 of a ziggurat)
 46076 | Zig:18   | Entered Level 18 of a ziggurat
 46136 | Zig:18   | Upgraded the game from 0.16-a0-1243-g6e0463c to 0.16-a0-1276-g18860b1
 46139 | Zig:18   | Paralysed by accursed screaming for 2 turns
 46153 | Zig:18   | Received a gift from Okawaru
 46153 | Zig:18   | Paralysed by accursed screaming for 2 turns
 46155 | Zig:18   | Killed from afar by a starcursed mass

Action                   |  1- 3 |  4- 6 |  7- 9 | 10-12 | 13-15 | 16-18 | 19-21 | 22-24 | 25-27 || total
-------------------------+-------+-------+-------+-------+-------+-------+-------+-------+-------++-------
Melee: War axe           |   111 |   212 |   392 |   565 |       |   229 |    90 |       |       ||  1599
       Morningstar       |       |       |       |   388 |  1313 |    33 |       |       |       ||  1734
       Broad axe         |       |       |       |       |   184 |  1053 |   941 |  1286 |   659 ||  4123
Invok: Heroism           |       |       |       |    11 |    14 |     7 |     9 |     5 |    10 ||    56
       Finesse           |       |       |       |       |       |     2 |     3 |       |     5 ||    10
 Abil: Fly               |       |       |       |       |     1 |     3 |       |       |     1 ||     5
       Stop Flying       |       |       |       |       |       |       |       |     1 |       ||     1
Evoke: Wand              |       |       |       |       |       |       |       |     2 |     3 ||     5
  Use: Potion            |       |     1 |     1 |     6 |     6 |     5 |     3 |     6 |    10 ||    38
       Scroll            |       |       |       |       |    26 |     5 |     4 |    21 |    20 ||    76
 Stab: Invisible         |       |       |       |       |     1 |       |       |     5 |       ||     6
       Confused          |       |       |       |       |       |     1 |       |       |       ||     1
       Petrified         |       |       |       |       |       |       |       |       |     2 ||     2
  Eat: Chunk             |     1 |     6 |     4 |     9 |    19 |     5 |       |     1 |       ||    45
       Fruit             |       |       |     1 |     2 |       |     3 |     4 |       |       ||    10
       Beef jerky        |       |       |     1 |       |     2 |     8 |     1 |     5 |     6 ||    23
       Meat ration       |       |       |     1 |     2 |     2 |     2 |     3 |     3 |       ||    13
       Pizza             |       |       |       |       |     3 |       |       |       |       ||     3
       Bread ration      |       |       |       |       |       |       |       |       |     1 ||     1
